 Dungeon Crawl Stone Soup version 0.24.1 (webtiles) character file.

Game seed: 5589983045094466431, levelgen mode: deterministic

13748 Kahsius the Severer (level 11, -2/106 HPs)
             Began as a Minotaur Berserker on Mar 24, 2020.
             Was a High Priest of Trog.
             Slain by a polar bear (6 damage)
             ... in an ice cave on Mar 25, 2020.
             The game lasted 00:41:20 (9825 turns).

Kahsius the Severer (Minotaur Berserker)            Turns: 9825, Time: 00:41:21

Health: -2/106     AC: 12    Str: 22    XL:     11   Next: 79%
Magic:  3/3        EV:  6    Int:  4    God:    Trog [*****.]
Gold:   371        SH: 12    Dex: 15    Spells: 10/10 levels left

rFire    . . .     SeeInvis .   j - +3 war axe (antimagic)
rCold    . . .     Gourm    .   I - -2 shield of Fashionability {rElec rPois MR+}
rNeg     + . .     Faith    .   P - +0 plate armour
rPois    +         Spirit   .   (helmet restricted)
rElec    +         Reflect  +   z - +0 cloak of Life {rElec rN+}
rCorr    .         Harm     .   (no gloves)
MR       +++..                  (no boots)
Stlth    ..........             M - +2 amulet of reflection
HPRegen  1.27/turn              F - +2 ring of slaying
MPRegen  0.08/turn              H - +2 ring of dexterity

@: berserk cooldown, regenerating, slowed, very slow
A: retaliatory headbutt, horns 2
a: Berserk, Trog's Hand, Brothers in Arms, Renounce Religion


You were in an ice cave.
You worshipped Trog.
Trog was extremely pleased with you.
You were near starving.

You visited 3 branches of the dungeon, and saw 13 of its levels.
You also visited: Ice Cave.

You collected 656 gold pieces.
You spent 285 gold pieces at shops.

Inventory:

Hand Weapons
 j - a +3 antimagic war axe (weapon)
 u - a +2 antimagic battleaxe
 O - a +1 war axe of venom
Armour
 t - a +3 ring mail
 z - the +0 cloak of Life (worn) {rElec rN+}
   (You found it on level 6 of the Dungeon)

   It insulates you from electricity.
   It protects you from negative energy.
 I - the -2 shield of Fashionability (worn) {rElec rPois MR+}
   (You bought it in a shop on level 5 of the Dungeon)

   It insulates you from electricity.
   It protects you from poison.
   It affects your resistance to hostile enchantments.
 P - a +0 plate armour (worn)
Jewellery
 f - an uncursed ring of flight
 F - a +2 ring of slaying (left hand)
 G - an uncursed ring of protection from fire
 H - a +2 ring of dexterity (right hand)
 M - a +2 amulet of reflection (around neck)
Wands
 i - a wand of acid (17)
 l - a wand of random effects (18)
 m - a wand of flame (21)
 v - a wand of polymorph (9)
 K - a wand of clouds (5)
Scrolls
 a - a scroll of brand weapon {unknown}
 g - 4 scrolls of teleportation
 o - 4 scrolls of fog
 p - 2 scrolls of enchant weapon {unknown}
 s - 3 scrolls of remove curse
 w - a scroll of summoning {unknown}
 y - a scroll of fear {unknown}
 D - a scroll of blinking {unknown}
 E - 2 scrolls of enchant armour {unknown}
Potions
 b - 6 potions of flight
 d - a potion of heal wounds {unknown}
 e - a potion of ambrosia {unknown}
 h - a potion of agility {unknown}
 k - 3 potions of brilliance
 n - 2 potions of curing
 q - a potion of lignification {unknown}
 r - a potion of cancellation {unknown}
 x - 3 potions of invisibility {unknown}
 A - a potion of berserk rage {unknown}
 B - 2 potions of magic {unknown}
 C - 3 potions of haste {unknown}
 J - 3 potions of mutation {unknown}
Comestibles
 c - 25 rations
 L - 5 chunks of flesh


   Skills:
 + Level 12.8 Fighting
 - Level 16.0 Axes
 - Level 2.4 Armour
 - Level 2.1 Dodging
 + Level 9.4 Shields


You had 10 spell levels left.
You didn't know any spells.
Your spell library contained the following spells:

 Spells                   Type           Power        Failure   Level  Hunger
 Animate Skeleton         Necr           N/A          100%        1    ##.....
 Apportation              Tloc           #.....       100%        1    ##.....
 Confusing Touch          Hex            #.....       100%        1    ##.....
 Summon Small Mammal      Summ           #...         100%        1    ##.....


Dungeon Overview and Level Annotations

Branches:
Dungeon (11/15)            Temple (1/1) D:5            Lair (1/6) D:11
    Orc (0/2) D:9           IceCv (1/1)

Altars:
Ashenzari
Cheibriados
Dithmenos
Elyvilon
Fedhas
Gozag
Hepliaklqana
Kikubaaqudgha
Makhleb
Nemelex Xobeh
Okawaru
Qazlal
Ru
Sif Muna
Trog
Uskayaw
Vehumet
Wu Jian
Xom
Yredelemnul
Zin
The Shining One

Shops:
D:5 [

Portals:
Trove: D:10 (give +5 demon trident)


Innate Abilities, Weirdness & Mutations

You reflexively headbutt those who attack you in melee.
You have a pair of horns on your head.


Message History

* * * LOW HITPOINT WARNING * * *
The polar bear claws you.
* * * LOW HITPOINT WARNING * * *
The polar bear claws you but does no damage.
The polar bear bites you.
* * * LOW HITPOINT WARNING * * *
You block the polar bear's attack. The polar bear barely misses you.
The polar bear bites you but does no damage.
The polar bear barely misses you.
The polar bear claws you but does no damage.
You hit the polar bear but do no damage.
You headbutt the polar bear.
The polar bear is almost dead.
You closely miss the polar bear. You block the polar bear's attack. x2
The polar bear claws you but does no damage.
You block the polar bear's attack.
The polar bear claws you but does no damage. x2
A yak comes into view.
The polar bear bites you.
You die...

##.....##
##...##
#...##
##...#
##...#
##†..##
#.†.##
#..##
##@h#
##h.# ..#
...#
.....
......
..#....
##.Y...


You could see 2 polar bears and a yak (wandering).

Vanquished Creatures
  Josephine (D:9)
  Harold (D:7)
  A two-headed ogre (D:11)
  A necromancer (D:9)
  Pikel (D:7)
  Joseph (D:9)
  A black mamba (Lair:1)
  2 spiny frogs (Lair:1)
  3 trolls
  3 polar bears (IceCv)
  A merfolk (D:9)
  3 hippogriffs
  4 flying skulls (D:9)
  5 shadows (D:9)
  A wraith (D:9)
  A basilisk (Lair:1)
  2 hungry ghosts
  A water moccasin (D:8)
  3 orc warriors
  4 porcupines (Lair:1)
  A sky beast (D:7)
  3 phantoms
  2 slaves (D:7)
  4 ice beasts
  4 ogres
  6 wolves (IceCv)
  3 centaurs
  A crocodile (Lair:1)
  A big kobold (D:7)
  9 bullfrogs
  A gnoll sergeant (D:10)
  A water moccasin zombie (D:9)
  A wyvern skeleton (D:9)
  2 scorpions
  4 killer bees (D:10)
  6 wights
  2 howler monkeys (D:6)
  2 bullfrog zombies
  4 crimson imps
  5 hounds
  A centaur zombie (D:6)
  3 jellies
  3 orc priests
  Crazy Yiuf (D:4)
  2 bullfrog skeletons (D:9)
  2 centaur skeletons (D:9)
  An iguana (D:7)
  7 orc wizards
  4 worker ants
  A killer bee zombie (D:9)
  4 hound zombies
  4 hound skeletons
  2 worker ant zombies
  13 gnolls
  5 adders
  3 shadow imps
  2 oozes
  4 adder zombies
  3 adder skeletons
  7 worms
  3 dart slugs
  4 leopard geckos
  39 orcs
  2 ball pythons
  4 giant cockroaches
  7 goblins
  10 hobgoblins
  5 jackals
  6 quokkas
  10 bats
  9 frilled lizards
  14 kobolds
  A leopard gecko skeleton (D:6)
  A quokka skeleton (D:9)
  6 rats
295 creatures vanquished.

Vanquished Creatures (others)
  2 slaves (D:7)
2 creatures vanquished.

Grand Total: 297 creatures vanquished

Notes
Turn   | Place    | Note
-------+----------+-------------------------------------------
     0 | D:1      | Kahsius the Minotaur Berserker began the quest for the Orb.
     0 | D:1      | Reached XP level 1. HP: 19/19 MP: 0/0
    57 | D:1      | Reached skill level 4 in Axes
    76 | D:1      | Reached XP level 2. HP: 26/27 MP: 1/1
   573 | D:1      | Reached XP level 3. HP: 28/33 MP: 2/2
   631 | D:2      | Reached skill level 5 in Axes
   690 | D:2      | Found an opulent altar of Gozag.
   690 | D:2      | Found a glowing golden altar of the Shining One.
   697 | D:2      | Reached ** piety under Trog
   708 | D:2      | Found a sparkling altar of Nemelex Xobeh.
   710 | D:2      | Found a shadowy altar of Dithmenos.
   790 | D:2      | Reached XP level 4. HP: 34/41 MP: 3/3
  1364 | D:3      | Reached skill level 6 in Axes
  1373 | D:3      | Reached XP level 5. HP: 38/47 MP: 4/4
  1399 | D:3      | Reached skill level 5 in Fighting
  1522 | D:3      | Reached *** piety under Trog
  2270 | D:4      | Reached skill level 7 in Axes
  2270 | D:4      | Reached XP level 6. HP: 22/56 MP: 1/5
  2576 | D:4      | Found a shimmering altar of Xom.
  2655 | D:4      | Reached skill level 8 in Axes
  2788 | D:4      | Found a runed translucent door.
  2789 | D:4      | Noticed Crazy Yiuf
  2898 | D:4      | Reached XP level 7. HP: 38/64 MP: 6/6
  3585 | D:4      | Killed Crazy Yiuf
  3732 | D:5      | Entered Level 5 of the Dungeon
  3732 | D:5      | Found a staircase to the Ecumenical Temple.
  3772 | D:5      | Found Borchogu's Antique Armour Shoppe.
  3877 | D:5      | Reached skill level 9 in Axes
  4108 | D:5      | Found a shattered altar of Ashenzari.
  4127 | D:5      | Reached XP level 8. HP: 68/73 MP: 7/7
  4253 | D:6      | Reached skill level 10 in Axes
  4288 | D:6      | Got a distressingly furry cloak
  4299 | D:6      | Identified the cursed +0 cloak of Life {rElec rN+} (You
                  | found it on level 6 of the Dungeon)
  4304 | D:6      | Reached **** piety under Trog
  4727 | D:6      | Reached skill level 11 in Axes
  4769 | D:6      | Found an iron altar of Okawaru.
  4978 | D:7      | Noticed Pikel
  4996 | D:7      | Killed Pikel
  4996 | D:7      | Reached skill level 12 in Axes
  4996 | D:7      | Reached XP level 9. HP: 83/83 MP: 8/8
  5167 | D:5      | Bought a faintly humming shield for 285 gold pieces
  5172 | D:5      | Identified the -2 shield of Fashionability {rElec rPois
                  | MR+} (You bought it in a shop on level 5 of the Dungeon)
  5195 | Temple   | Entered the Ecumenical Temple
  5344 | D:7      | Noticed Harold
  5359 | D:7      | Killed Harold
  5381 | D:7      | Reached skill level 13 in Axes
  5581 | D:7      | Reached skill level 10 in Fighting
  5789 | D:7      | Reached ***** piety under Trog
  6129 | D:8      | Reached XP level 10. HP: 92/93 MP: 9/9
  6763 | D:9      | Found a staircase to the Orcish Mines.
  6766 | D:9      | Noticed Joseph
  6782 | D:9      | Killed Joseph
  6782 | D:9      | Received a gift from Trog
  6949 | D:9      | Reached skill level 5 in Shields
  6952 | D:9      | Reached skill level 14 in Axes
  7044 | D:9      | Noticed Josephine
  7054 | D:9      | Killed Josephine
  7088 | D:9      | Noticed a necromancer
  7095 | D:9      | Killed a necromancer
  7095 | D:9      | Reached skill level 15 in Axes
  7366 | D:9      | Reached XP level 11. HP: 102/102 MP: 3/10
  7779 | D:10     | Entered Level 10 of the Dungeon
  8320 | D:10     | Found a portal to a secret trove of treasure.
  8886 | D:11     | Found a white marble altar of Elyvilon.
  8921 | D:11     | Noticed a two-headed ogre
  8926 | D:11     | Killed a two-headed ogre
  8935 | D:11     | Received a gift from Trog
  9106 | D:11     | Found a staircase to the Lair.
  9631 | Lair:1   | Entered Level 1 of the Lair of Beasts
  9657 | Lair:1   | Reached skill level 16 in Axes
  9768 | Lair:1   | Found a frozen archway.
  9777 | IceCv    | Entered an ice cave
  9824 | IceCv    | HP: 3/106 [polar bear (3)]
  9825 | IceCv    | Slain by a polar bear

Levels and vault maps discovered:
D:1:      dpeg_arrival_tiny_b, layout_loops_cross, ebering_dispersal_statue_hall
D:2:      layout_rooms, grunt_temple_overflow_open, grunt_ministairs_11,
          minmay_fountain_box
D:3:      layout_basic, first_ration, minmay_misc_feat_roman
D:4:      cheibrodos_pilgrimage, layout_loops_corners, xom_teletrap_fun,
          uniq_crazy_yiuf_cottage
D:5:      layout_rooms, lemuel_doored_altar,
          minmay_temple_entry_statues_pillars, serial_shops,
          nicolae_shop_waterfront
D:6:      layout_cave_pools, okawaru_trees_1
D:7:      layout_basic, uniq_harold, uniq_pikel
D:8:      layout_loops_ring
D:9:      hangedman_screamer, layout_irregular_city, orc_0_dummy,
          hangedman_fish_farm, serial_park_tiny_pond, dk_noncrumbling_4,
          uniq_joseph
D:10:     layout_loops_ring, trove_entry_hex_spiral, minivault_24
D:11:     layout_loops_ring, lair_entry_dummy, basic_altar
Temple:   compressed_dpeg_circular_temple
Lair:1:   layout_regular_city, portal_ice_cave_entry_pillars_2
IceCv:    ice_cave_small_giant

Skill      XL: |  1  2  3  4  5  6  7  8  9 10 11 |
---------------+----------------------------------+-----
Axes           | 4 5 6 7 8 9 12 13 15 16 | 16.0
Fighting       | 4 5 6 7 9 10 11 12 | 12.8
Shields        | 4 6 9 |  9.4
Armour         | |  2.4
Dodging        | |  2.1

Action                   |  1- 3 |  4- 6 |  7- 9 | 10-12 || total
-------------------------+-------+-------+-------+-------++-------
Melee: Hand axe          |    63 |   146 |   225 |    31 ||   465
       Headbutt          |    13 |    32 |    44 |    82 ||   171
       Unarmed           |       |       |     6 |       ||     6
       War axe           |       |       |       |   265 ||   265
Invok: Berserk           |     2 |     2 |     3 |     2 ||     9
       Trog's Hand       |       |       |     1 |     1 ||     2
  Use: Scroll            |       |     3 |     6 |     9 ||    18
       Potion            |       |       |       |     3 ||     3
  Eat: Chunk             |     1 |     9 |    14 |    10 ||    34
       Ration            |       |       |       |     1 ||     1
Armor: Animal skin       |    13 |       |       |       ||    13
       Leather armour    |       |    14 |       |       ||    14
       Ring mail         |       |    27 |    61 |    43 ||   131
       Plate armour      |       |       |       |    60 ||    60
Dodge: Dodged            |    46 |    79 |   108 |   100 ||   333
Block: Shield            |       |       |    15 |   155 ||   170
